 Dungeon Crawl Stone Soup version 0.30.0-20-g3615ddf2f0 (webtiles) character file.

Game seed: 2687860023347939814

34 qw the Shield-Bearer (level 3, -9/23 HPs)
             Began as a Gargoyle Fighter on May 29, 2023.
             Killed from afar by Sigmund (14 damage)
             ... with a bolt of light
             ... on level 2 of the Dungeon.
             The game lasted 00:00:31 (1059 turns).

qw the Shield-Bearer (Gargoyle Fighter)             Turns: 1059, Time: 00:00:31

Health: -9/23      AC: 10    Str: 21    XL:     3   Next: 31%
Magic:  3/3        EV:  8    Int:  8    God:
Gold:   122        SH:  8    Dex:  9    Spells: 2/2 levels left

rFire   . . .        Y - +0 war axe
rCold   . . .        e - +0 kite shield
rNeg    + . .        b - +0 scale mail
rPois   inf          (no helmet)
rElec   +            (no cloak)
rCorr   .            (no gloves)
SInv    .            (no boots)
Will    .....        (no amulet) Stlth
                     (no ring)
HPRegen 0.23/turn    (no ring)
MPRegen 0.08/turn

%: no passive effects
@: no status effects
A: sickness immunity, AC +3, negative energy resistance 1, electricity
resistance, torment resistance 1, petrification resistance
a: no special abilities


You were on level 2 of the Dungeon.
You visited 1 branch of the dungeon, and saw 2 of its levels.

You collected 122 gold pieces.


Innate Abilities, Weirdness & Mutations

You are immune to sickness and miasma.
Your stone body is resilient. (AC +3)
You are immune to poison.
You resist negative energy. (rN+)
You are resistant to electric shocks. (rElec)
You are resistant to unholy torment.
You are immune to petrification.


   Skills:
 - Level 3.2 Fighting
 - Level 3.2 Axes
 - Level 3.2 Armour
 + Level 3.3 Shields


You had 2 spell levels left.
You didn't know any spells.
Your spell library was empty.

Inventory:

Hand Weapons
 j - a +0 club
 Y - a +0 war axe (weapon)
Armour
 b - a +0 scale mail (worn)
 e - a +0 kite shield (worn)
Potions
 d - 2 potions of might

Dungeon Overview and Level Annotations

Branches:
Dungeon (2/15)

Altars:

Annotations:
D:2 Sigmund


Message History

You feel less confused. Sigmund barely misses you.
You closely miss Sigmund.
Sigmund points at you and mumbles some strange words.
You resist with significant effort.
You barely miss Sigmund. You block Sigmund's attack.
You hit Sigmund.
Sigmund is lightly wounded.
Sigmund hits you but does no damage.
You hit Sigmund.
Sigmund is moderately wounded.
Sigmund closely misses you.
You slash Sigmund!
Sigmund is severely wounded.
Sigmund hits you but does no damage.
You hit Sigmund.
Sigmund is severely wounded.
Sigmund gestures at you while chanting.
You are confused.
Sigmund zaps a wand.
The bolt of light hits you! Sigmund hits you but does no damage.
Sigmund casts a spell at you. The magic dart hits you.
Sigmund hits you with a +0 scythe. Sigmund hits you with a +0 scythe.
You feel less confused.
Sigmund mumbles some strange words.
Sigmund flickers and vanishes!
Deactivating autopickup; reactivate with Ctrl-A.
You hit something. Something hits you but does no damage.
You miss something. Something hits you but does no damage.
You barely miss something.
You hear a zap.
A bolt of light appears from out of thin air!
The bolt of light hits you!
Ouch! That really hurt!
You die...

#.# #)# #.# #
###.#####...
.#.####...........
...!....#%#####.#.
...............
##.####.#######
#.....@#
.......{......#
###.....#####.#
#.....# #.....#
##..### #.. #..


There were no monsters in sight!

Vanquished Creatures
  A gnoll (D:1)
  A dart slug (D:1)
  3 bats
  An endoplasm (D:1)
  2 goblins (D:1)
  5 hobgoblins
  A quokka (D:1)
  5 ball pythons (D:1)
  A frilled lizard (D:1)
  A kobold (D:1)
  3 rats (D:1)
24 creatures vanquished.

Notes
Turn   | Place    | Note
-------+----------+-------------------------------------------
     0 | D:1      | qw the Gargoyle Fighter began the quest for the Orb.
     0 | D:1      | Reached XP level 1. HP: 14/14 MP: 1/1
     0 | D:1      | 0 ||| qw: Version: 0.2-a-102-g2b76a06
     0 | D:1      | 0 ||| qw: Game counter: 432
     0 | D:1      | 0 ||| qw: Always use a shield: true
     0 | D:1      | 0 ||| qw: God list: Okawaru
     0 | D:1      | 0 ||| qw: Allow faded altars: false
     0 | D:1      | 0 ||| qw: Do Orc after D:15 true
     0 | D:1      | 0 ||| qw: Do second Lair branch before Depths: true
     0 | D:1      | 0 ||| qw: Lair rune preference: random
     0 | D:1      | 0 ||| qw: Plans: Normal, Zot:1-4, Slime:5, God:TSO, Crypt,
                  | Tomb, Pan, Hells, Abyss, Win
     0 | D:1      | 0 ||| PLANNING D:1-11
   305 | D:1      | Reached XP level 2. HP: 19/19 MP: 2/2
   528 | D:1      | Found a faded altar of an unknown god.
   571 | D:1      | 571 ||| Stepping ~*~*~tactically~*~*~ (hiding).
   692 | D:1      | Reached skill level 3 in Axes
   692 | D:1      | Reached XP level 3. HP: 23/23 MP: 3/3
   937 | D:1      | 937 ||| UPGRADING to +0 kite shield.
   947 | D:1      | 947 ||| DROPPING +0 buckler.
   948 | D:1      | 948 ||| READING scroll labelled OCO REFEAHESI.
   949 | D:1      | 949 ||| READING scroll labelled MIBOIJE REENA.
   964 | D:1      | 964 ||| READING scroll labelled AMOLAYLOET.
   965 | D:1      | 965 ||| READING scroll labelled ASOORRA OCUI.
   966 | D:1      | 966 ||| READING scroll labelled CAKEKI KUBUTIS.
  1032 | D:2      | Noticed Sigmund
  1055 | D:2      | HP: 4/23 [Sigmund/+0 scythe (4)]
  1059 | D:2      | Killed from afar by Sigmund

Levels and vault maps discovered:
D:1:      wander_arrival_chamber, layout_loops_corners,
          shapermc_ecumenical_altar_venn
D:2:      layout_loops_ring, basic_altar, serial_forest,
          infiniplex_forest_zigzag_1, infiniplex_forest_end_1,
          infiniplex_forest_lined_3, infiniplex_forest_side_room,
          infiniplex_forest_end_2, infiniplex_forest_end_3, uniq_terence,
          uniq_sigmund

Skill      XL: |  1  2 |
---------------+-------+-----
Axes           | 2 3 |  3.2
Fighting       | |  3.2
Armour         | |  3.2
Shields        | |  3.3

Action                     || total
---------------------------++-------
  Melee: War axe           ||    77
    Use: Scroll            ||     5
 Armour: Scale mail        ||    36
  Dodge: Dodged            ||    42
  Block: Buckler           ||    11
         Kite shield       ||     3

Table legend:
 A = Non-vault XP
 B = Vault XP
 C = Vault XP percentage of total XP
 D = Non-vault monster count
 E = Vault monster count
 F = Vault count percentage of total count
                 A         B        C        D         E       F
            +---------+---------+-------+---------+---------+-------
      Total |      49 |       0 |   0.0 |      24 |       0 |   0.0
            +---------+---------+-------+---------+---------+-------
        D:1 |      44 |       0 |   0.0 |      21 |       0 |   0.0
        D:2 |       5 |       0 |   0.0 |       3 |       0 |   0.0
            +---------+---------+-------+---------+---------+-------
